AoeStats
← RightEight

Nomad

504841450Analyzed
2v2 RM · 27d ago on Sep 6, 2026· 43m 1s· 4 players
Game mode
Random Map
Map size
176×176
Population
200
Speed
Normal
Resources
Standard
Victory
Conquest
Starting age
Dark Age
Ending age
Imperial Age
RankedLock teamsTeams togetherTeam positionsShared explorationLock speedFull tech treeHidden civsTurbo modeCheats
Victory
Defeat
🇪🇪 Vikings · Estonia
1078
+17
🇪🇪 Burmese · Estonia
1063
+17
🇫🇷 Cumans · France
1111
-18
🇧🇪 Huns · Belgium
1077
-16
RightEight
5:47 Loom
15:21 Feudal Age
16:41 Wheelbarrow
16:37 Fishing Lines
19:30 Town Watch
22:06 Castle Age
23:03 Pikeman
23:09 Man-at-Arms
27:26 Scale Mail Armor
29:10 Fletching
30:28 Gillnets
32:50 Hand Cart
38:24 Padded Archer Armor
38:37 Forging
40:59 Horse Collar
Ursus
5:48 Loom
15:20 Feudal Age
20:18 Castle Age
18:19 Fletching
18:34 Double-Bit Axe
19:29 Man-at-Arms
19:56 Arson
20:06 Horse Collar
20:14 Fishing Lines
20:41 Crossbowman
22:17 Squires
23:14 Bodkin Arrow
23:07 Town Watch
25:30 Ballistics
26:20 Pikeman
28:48 Bow Saw
28:39 Heavy Plow
30:13 Forging
30:04 Scale Mail Armor
31:01 Long Swordsman
31:26 Gambesons
32:48 Iron Casting
32:15 Scale Mail Armor
32:15 Padded Archer Armor
38:43 Imperial Age
38:30 Chain Mail Armor
38:50 Two-Handed Swordsman
38:55 Capped Ram
39:57 Conscription
42:35 Champion
Bropen
7:16 Loom
14:29 Feudal Age
17:36 Double-Bit Axe
17:34 Horse Collar
21:52 Castle Age
20:21 Horse Collar
21:53 Scale Barding Armor
22:46 Bloodlines
26:37 Heavy Plow
29:12 Stone Mining
29:39 Bow Saw
30:58 Wheelbarrow
30:37 Gold Mining
31:14 Fletching
31:11 Elite Skirmisher
33:17 Bodkin Arrow
33:22 Padded Archer Armor
32:45 Light Cavalry
38:41 Imperial Age
36:58 Thumb Ring
37:15 Chain Barding Armor
37:05 Forging
39:54 Conscription
41:00 Gold Shaft Mining
40:50 Hand Cart
42:06 Leather Archer Armor
Racletteduterter
3:25 Loom
13:16 Feudal Age
13:54 Double-Bit Axe
19:41 Castle Age
18:45 Stone Mining
18:40 Horse Collar
19:16 Bloodlines
19:07 Fishing Lines
21:33 Forging
21:29 Scale Barding Armor
23:15 Iron Casting
23:31 Scale Barding Armor
31:57 Crossbowman
35:46 Thumb Ring
39:16 Bow Saw
40:48 Husbandry
Connection lost

Rejoining the realm…

Still unreachable

The connection could not be restored.

Session expired

The server has moved on; the page needs a fresh start.